TOP OF THE 1ST |
University of Virginia Cavaliers batting - Pitching for Oregon State University Beavers : RHP Rob Carson
|
Pitching: RHP Rob Carson
|
|
Batting: RHB Luke Bertrand
|
0-0: Ball 1-0: SINGLE (Groundball, 6D, EV 101.2 MPH)
|
Batting: SHB Tim Lloyd
|
0-0: Ball 1-0: Foul Ball, location: 2F 1-1: Fly out, F8 (Flyball, 8LD, EV 99.4 MPH)
|
Batting: LHB Alex Aguilar
|
0-0: Ball Luke Bertrand steals 2nd, throwing error, E2 Luke Bertrand to third 1-0: Swinging Strike 1-1: Called Strike 1-2: Ball 2-2: Fly out, F9 (Line Drive, 9D, EV 96.9 MPH) Runner from 3rd tags up, SCORES, no throw by RF
|
Batting: LHB Ray Nichter
|
0-0: Foul Ball, location: 2F 0-1: Ball 1-1: Called Strike 1-2: Foul Ball, location: 2F 1-2: Strikes out swinging
|
Top of the 1st over - 1 run, 1 hit, 1 error, 0 left on base; University of Virginia 1 - Oregon State University 0 |
BOTTOM OF THE 1ST |
Oregon State University Beavers batting - Pitching for University of Virginia Cavaliers : RHP Arturo Vargas
|
Pitching: RHP Arturo Vargas
|
|
Batting: SHB Eric Robertson
|
0-0: Ball 1-0: Foul Ball, location: 2F 1-1: Foul Ball, location: 2F 1-2: Ball 2-2: Foul Ball, location: 2F 2-2: Foul Ball, location: 2F 2-2: Foul Ball, location: 2F 2-2: Strikes out swinging
|
Batting: LHB Sun-wei Kuai
|
0-0: Foul Ball, location: 2F 0-1: Ball 1-1: Foul Ball, location: 2F 1-2: Ball 2-2: Fly out, F5 (Popup, 25F, EV 83.1 MPH)
|
Batting: LHB Abdul-Hakim Jibril
|
0-0: Ball 1-0: Ball 2-0: Ball 3-0: Foul Ball, location: 2F 3-1: Swinging Strike 3-2: Base on Balls
|
Batting: RHB Steve Webb
|
0-0: Swinging Strike 0-1: Ball 1-1: Called Strike 1-2: Fly out, F7 (Line Drive, 78M, EV 95.0 MPH)
|
Bottom of the 1st over - 0 runs, 0 hits, 0 errors, 1 left on base; University of Virginia 1 - Oregon State University 0 |
TOP OF THE 2ND |
University of Virginia Cavaliers batting - Pitching for Oregon State University Beavers : RHP Rob Carson
|
Batting: RHB Mike Llamas
|
0-0: SINGLE (Line Drive, 9S, EV 101.9 MPH)
|
Batting: LHB Josh Glass
|
0-0: Ball 1-0: SINGLE (Groundball, 3D, EV 105.6 MPH) Mike Llamas to second Runner from 2nd tries for 3rd, SAFE, throw by RF made to third
|
Batting: RHB Jason Lambert
|
0-0: Ball 1-0: Ball Wild Pitch! Mike Llamas scores Josh Glass to second 2-0: Ground out 6-3 (Groundball, 6M, EV 102.5 MPH) Josh Glass to third
|
Batting: RHB Jose Velez
|
0-0: Ball 1-0: Called Strike 1-1: Foul Ball, location: 2F 1-2: Ball 2-2: SINGLE (Groundball, 56, EV 78.1 MPH) (infield hit) Josh Glass scores
|
Pinch Runner at 1st Allen McCaskill:
|
|
Batting: SHB Ethan Lewis
|
0-0: Called Strike 0-1: Swinging Strike 0-2: Ball 1-2: Ball 2-2: Ball 3-2: DOUBLE (Flyball, 89D, EV 111.2 MPH) Allen McCaskill to third Runner from 3rd tries for Home, SAFE, throw by CF to home
|
Batting: RHB Luke Bertrand
|
0-0: Ball 1-0: Ball 2-0: DOUBLE (Line Drive, 5D, EV 93.8 MPH) Ethan Lewis scores
|
Batting: SHB Tim Lloyd
|
0-0: Foul Ball, location: 2F 0-1: Ball Wild Pitch! Luke Bertrand to third 1-1: Foul Ball, location: 2F 1-2: Ball 2-2: Foul Ball, location: 2F 2-2: Ball 3-2: SINGLE (Groundball, 15, EV 84.4 MPH) (infield hit) Luke Bertrand scores
|
Pitching: LHP Eric Harris
|
|
Batting: LHB Alex Aguilar
|
0-0: Ball 1-0: 2-RUN HOME RUN (Flyball, 78XD, EV 112.5 MPH), Distance : 420 ft
|
Batting: LHB Ray Nichter
|
0-0: Called Strike 0-1: Ball 1-1: Foul Ball, location: 2F 1-2: Ball 2-2: Ball 3-2: Ground out 6-3 (Groundball, 56, EV 101.9 MPH)
|
Batting: RHB Mike Llamas
|
0-0: Foul Ball, location: 2F 0-1: Swinging Strike 0-2: Ball 1-2: Foul Ball, location: 2F 1-2: Strikes out looking
|
Top of the 2nd over - 7 runs, 7 hits, 0 errors, 0 left on base; University of Virginia 8 - Oregon State University 0 |
BOTTOM OF THE 2ND |
Oregon State University Beavers batting - Pitching for University of Virginia Cavaliers : RHP Arturo Vargas
|
Now at 3B: Allen McCaskill
|
|
Batting: RHB Oscar Munoz
|
0-0: Called Strike 0-1: Fly out, F9 (Flyball, 9S, EV 88.8 MPH)
|
Batting: LHB Fred Bal
|
0-0: Ball 1-0: Fly out, F4 (Line Drive, 4, EV 75.6 MPH)
|
Batting: LHB Jon Hamilton
|
0-0: Called Strike 0-1: Foul Ball, location: 2F 0-2: Ball 1-2: Foul Ball, location: 2F 1-2: SINGLE (Line Drive, 34D, EV 98.1 MPH)
|
Batting: LHB Brock Darby
|
0-0: Ball Jon Hamilton steals 2nd base 1-0: Called Strike 1-1: Ball 2-1: Foul Ball, location: 2F 2-2: Strikes out swinging
|
Bottom of the 2nd over - 0 runs, 1 hit, 0 errors, 1 left on base; University of Virginia 8 - Oregon State University 0 |
TOP OF THE 3RD |
University of Virginia Cavaliers batting - Pitching for Oregon State University Beavers : LHP Eric Harris
|
Batting: LHB Josh Glass
|
0-0: Ball 1-0: Called Strike 1-1: Swinging Strike 1-2: Foul Ball, location: 2F 1-2: Ball 2-2: Strikes out swinging
|
Batting: RHB Jason Lambert
|
0-0: Ball 1-0: Reached on error, E5 (Groundball, 56S, EV 86.9 MPH)
|
Batting: RHB Allen McCaskill
|
0-0: Called Strike 0-1: Called Strike 0-2: Ball 1-2: Foul Ball, location: 2F 1-2: Ball 2-2: Strikes out swinging
|
Batting: SHB Ethan Lewis
|
0-0: Foul Ball, location: 2F 0-1: Ball 1-1: Ball 2-1: Swinging Strike 2-2: Strikes out swinging
|
Top of the 3rd over - 0 runs, 0 hits, 1 error, 1 left on base; University of Virginia 8 - Oregon State University 0 |
BOTTOM OF THE 3RD |
Oregon State University Beavers batting - Pitching for University of Virginia Cavaliers : RHP Arturo Vargas
|
Batting: SHB Sosaia Apelahama
|
0-0: Foul Ball, location: 2F 0-1: Foul Ball, location: 2F 0-2: Strikes out swinging
|
Batting: SHB Eric Robertson
|
0-0: Called Strike 0-1: Ball 1-1: Foul Ball, location: 2F 1-2: Strikes out swinging
|
Batting: LHB Sun-wei Kuai
|
0-0: Ball 1-0: Ball 2-0: Ball 3-0: Base on Balls
|
Batting: LHB Abdul-Hakim Jibril
|
0-0: Fly out, F4 (Line Drive, 4M, EV 64.4 MPH)
|
Bottom of the 3rd over - 0 runs, 0 hits, 0 errors, 1 left on base; University of Virginia 8 - Oregon State University 0 |
TOP OF THE 4TH |
University of Virginia Cavaliers batting - Pitching for Oregon State University Beavers : LHP Eric Harris
|
Batting: RHB Luke Bertrand
|
0-0: Ball 1-0: SINGLE (Groundball, 56S, EV 70.0 MPH) (infield hit)
|
Batting: SHB Tim Lloyd
|
0-0: Ball 1-0: Fielders Choice at 2nd, 5-4 (Groundball, 5L, EV 88.8 MPH)
|
Batting: LHB Alex Aguilar
|
0-0: Called Strike 0-1: Ball 1-1: Foul Ball, location: 2F 1-2: SINGLE (Groundball, 15S, EV 67.5 MPH) (infield hit) Tim Lloyd to second
|
Batting: LHB Ray Nichter
|
0-0: Ball 1-0: Called Strike 1-1: Ball 2-1: Ball 3-1: SINGLE (Flyball, 8LS, EV 97.5 MPH) Tim Lloyd to third Alex Aguilar to second Runner from 3rd tries for Home, SAFE, throw by CF to home
|
Batting: RHB Mike Llamas
|
0-0: Called Strike 0-1: Called Strike 0-2: Fly out, F9 (Flyball, 9, EV 81.2 MPH)
|
Batting: LHB Josh Glass
|
0-0: Foul Ball, location: 2F 0-1: Ground out U3 (Groundball, 3, EV 81.9 MPH)
|
Top of the 4th over - 1 run, 3 hits, 0 errors, 2 left on base; University of Virginia 9 - Oregon State University 0 |
BOTTOM OF THE 4TH |
Oregon State University Beavers batting - Pitching for University of Virginia Cavaliers : RHP Arturo Vargas
|
Batting: RHB Steve Webb
|
0-0: Ball 1-0: Foul Ball, location: 2F 1-1: Ground out 6-3 (Groundball, 6, EV 82.5 MPH)
|
Batting: RHB Oscar Munoz
|
0-0: Ball 1-0: Called Strike 1-1: Ball 2-1: Foul Ball, location: 2F 2-2: Foul Ball, location: 2F 2-2: Foul Ball, location: 2F 2-2: Ball 3-2: SINGLE (Groundball, 6MD, EV 107.5 MPH)
|
Batting: LHB Fred Bal
|
0-0: Called Strike 0-1: Ball 1-1: Foul Ball, location: 2F 1-2: Fly out, F8 (Flyball, 8LXD, EV 97.5 MPH)
|
Batting: LHB Jon Hamilton
|
0-0: Ball 1-0: Ball 2-0: Ball 3-0: Base on Balls Oscar Munoz to second
|
Batting: LHB Brock Darby
|
0-0: Called Strike 0-1: Called Strike 0-2: Ball 1-2: Ground out 4-3 (Groundball, 34, EV 103.8 MPH)
|
Bottom of the 4th over - 0 runs, 1 hit, 0 errors, 2 left on base; University of Virginia 9 - Oregon State University 0 |
TOP OF THE 5TH |
University of Virginia Cavaliers batting - Pitching for Oregon State University Beavers : LHP Eric Harris
|
Batting: RHB Jason Lambert
|
0-0: Ball 1-0: Foul Ball, location: 2F 1-1: Ball 2-1: Swinging Strike 2-2: SINGLE (Groundball, 6MD, EV 110.0 MPH)
|
Batting: RHB Allen McCaskill
|
0-0: Ball 1-0: Ball 2-0: Ball 3-0: Called Strike 3-1: Called Strike 3-2: Fly out, F8 (Flyball, 8LD, EV 91.2 MPH)
|
Pitching: RHP Paul Cooke
|
|
Batting: SHB Ethan Lewis
|
0-0: Grounds into double play, 6-4-3 (Groundball, 6, EV 104.4 MPH)
|
Top of the 5th over - 0 runs, 1 hit, 0 errors, 0 left on base; University of Virginia 9 - Oregon State University 0 |
BOTTOM OF THE 5TH |
Oregon State University Beavers batting - Pitching for University of Virginia Cavaliers : RHP Arturo Vargas
|
Batting: SHB Sosaia Apelahama
|
0-0: Called Strike 0-1: Ball 1-1: Swinging Strike 1-2: Ball 2-2: Strikes out swinging
|
Pitching: LHP Bill Cenci
|
|
Batting: SHB Eric Robertson
|
0-0: Ball 1-0: Foul Ball, location: 2F 1-1: Ball 2-1: Foul Ball, location: 2F 2-2: Ball 3-2: DOUBLE (Line Drive, 3D, EV 94.4 MPH)
|
Batting: LHB Sun-wei Kuai
|
Balk! Eric Robertson to third 0-0: Ball 1-0: Ground out U3 (Groundball, 3, EV 78.1 MPH)
|
Batting: LHB Abdul-Hakim Jibril
|
0-0: Called Strike 0-1: Called Strike 0-2: Ball 1-2: Foul Ball, location: 2F 1-2: SINGLE (Groundball, 34D, EV 98.1 MPH) Eric Robertson scores
|
Batting: RHB Steve Webb
|
0-0: Ball 1-0: Ball 2-0: Foul Ball, location: 2F 2-1: Ball 3-1: Called Strike 3-2: Foul Ball, location: 2F 3-2: Base on Balls Abdul-Hakim Jibril to second
|
Batting: RHB Oscar Munoz
|
0-0: Ball Wild Pitch! Abdul-Hakim Jibril to third Steve Webb to second 1-0: Foul Ball, location: 2F 1-1: Ball 2-1: Foul Ball, location: 2F 2-2: Ball 3-2: Fly out, F6 (Popup, P, EV 83.1 MPH)
|
Bottom of the 5th over - 1 run, 2 hits, 0 errors, 2 left on base; University of Virginia 9 - Oregon State University 1 |
TOP OF THE 6TH |
University of Virginia Cavaliers batting - Pitching for Oregon State University Beavers : RHP Paul Cooke
|
Batting: RHB Luke Bertrand
|
0-0: Ball 1-0: Called Strike 1-1: SINGLE (Groundball, 6MS, EV 68.8 MPH) (infield hit)
|
Batting: SHB Tim Lloyd
|
0-0: Ball 1-0: Foul Ball, location: 2F 1-1: Ball 2-1: Swinging Strike 2-2: Ground out 6-3 (Groundball, 6M, EV 91.9 MPH) Luke Bertrand to second
|
Batting: LHB Alex Aguilar
|
0-0: Called Strike 0-1: Ball 1-1: DOUBLE (Line Drive, 78M, EV 100.6 MPH) Luke Bertrand scores
|
Batting: LHB Ray Nichter
|
0-0: Ball 1-0: Ball 2-0: Ground out U3 (Groundball, 34S, EV 88.1 MPH) Alex Aguilar to third
|
Pitching: RHP Mark Giroux
|
|
Batting: RHB Mike Llamas
|
0-0: Ball 1-0: Called Strike 1-1: Ball 2-1: Ball 3-1: Fly out, F8 (Line Drive, 8LD, EV 102.5 MPH)
|
Top of the 6th over - 1 run, 2 hits, 0 errors, 1 left on base; University of Virginia 10 - Oregon State University 1 |
BOTTOM OF THE 6TH |
Oregon State University Beavers batting - Pitching for University of Virginia Cavaliers : LHP Bill Cenci
|
Batting: LHB Fred Bal
|
0-0: Called Strike 0-1: Ball 1-1: Ball 2-1: Ball 3-1: Swinging Strike 3-2: Base on Balls
|
Pitching: RHP Joe Miller
|
|
Batting: LHB Jon Hamilton
|
0-0: Called Strike Fred Bal steals 2nd base 0-1: Ball 1-1: Hit by Pitch
|
Batting: LHB Brock Darby
|
0-0: Foul Ball, location: 2F 0-1: Called Strike 0-2: Ball 1-2: Strikes out swinging
|
Batting: SHB Sosaia Apelahama
|
0-0: Ball 1-0: TRIPLE (Flyball, 89XD, EV 99.4 MPH) Fred Bal scores Jon Hamilton scores
|
Batting: SHB Eric Robertson
|
0-0: Ball 1-0: Foul Ball, location: 2F 1-1: Foul Ball, location: 2F 1-2: Strikes out looking
|
Batting: LHB Sun-wei Kuai
|
0-0: Ball 1-0: Swinging Strike 1-1: Foul Ball, location: 2F 1-2: Foul Ball, location: 2F 1-2: Ball 2-2: Foul Ball, location: 2F 2-2: Ground out 4-3 (Groundball, 4, EV 90.6 MPH)
|
Bottom of the 6th over - 2 runs, 1 hit, 0 errors, 1 left on base; University of Virginia 10 - Oregon State University 3 |
TOP OF THE 7TH |
University of Virginia Cavaliers batting - Pitching for Oregon State University Beavers : RHP Mark Giroux
|
Batting: LHB Josh Glass
|
0-0: Ball 1-0: Swinging Strike 1-1: Foul Ball, location: 2F 1-2: Ball 2-2: Foul Ball, location: 2F 2-2: Ground out 6-3 (Groundball, 56, EV 103.1 MPH)
|
Batting: RHB Jason Lambert
|
0-0: Ball 1-0: Ball 2-0: Foul Ball, location: 2F 2-1: SOLO HOME RUN (Flyball, 78XD, EV 103.1 MPH), Distance : 417 ft
|
Batting: RHB Allen McCaskill
|
0-0: Ball 1-0: Called Strike 1-1: Ball 2-1: Ball 3-1: Swinging Strike 3-2: Foul Ball, location: 2F 3-2: Ground out 6-3 (Groundball, P, EV 83.8 MPH)
|
Batting: SHB Ethan Lewis
|
0-0: SOLO HOME RUN (Flyball, 9D, EV 100.0 MPH), Distance : 382 ft
|
Batting: RHB Luke Bertrand
|
0-0: Ball 1-0: Ball 2-0: Called Strike 2-1: Ball 3-1: Foul Ball, location: 2F 3-2: Base on Balls
|
Pitching: RHP Bill Vadeboncoeur
|
|
Batting: SHB Tim Lloyd
|
0-0: Ball 1-0: Called Strike 1-1: Called Strike 1-2: Foul Ball, location: 2F 1-2: Ball 2-2: Ball 3-2: Ground out 4-3 (Groundball, 4, EV 75.6 MPH)
|
Top of the 7th over - 2 runs, 2 hits, 0 errors, 1 left on base; University of Virginia 12 - Oregon State University 3 |
BOTTOM OF THE 7TH |
Oregon State University Beavers batting - Pitching for University of Virginia Cavaliers : RHP Joe Miller
|
Batting: LHB Abdul-Hakim Jibril
|
0-0: Ball 1-0: Called Strike 1-1: Ground out U3 (Groundball, 34S, EV 91.9 MPH)
|
Pinch Hitting: RHB Kali Kartosuwiryo
|
0-0: Swinging Strike 0-1: Ball 1-1: Called Strike 1-2: Strikes out looking and he physically ARGUES THE CALL AND IS TOSSED!
|
Batting: RHB Oscar Munoz
|
0-0: Foul Ball, location: 2F 0-1: Foul Ball, location: 2F 0-2: Ground out 2-3 (Groundball, 2L, EV 71.9 MPH)
|
Bottom of the 7th over - 0 runs, 0 hits, 0 errors, 0 left on base; University of Virginia 12 - Oregon State University 3 |
TOP OF THE 8TH |
University of Virginia Cavaliers batting - Pitching for Oregon State University Beavers : RHP Bill Vadeboncoeur
|
Now at 1B: Jason Trevarrow
|
|
Batting: LHB Alex Aguilar
|
0-0: Called Strike 0-1: Foul Ball, location: 2F 0-2: Ball 1-2: DOUBLE (Line Drive, 78D, EV 100.6 MPH)
|
Batting: LHB Ray Nichter
|
0-0: Ground out 4-3 (Groundball, 4, EV 87.5 MPH) Alex Aguilar to third
|
Batting: RHB Mike Llamas
|
0-0: Swinging Strike 0-1: Called Strike 0-2: Ground out 5-3 (Groundball, 56S, EV 88.1 MPH) Alex Aguilar scores
|
Batting: LHB Josh Glass
|
0-0: Called Strike 0-1: Ball 1-1: Ball 2-1: Ball 3-1: Base on Balls
|
Batting: RHB Jason Lambert
|
0-0: Fly out, F9 (Flyball, 89S, EV 80.6 MPH)
|
Top of the 8th over - 1 run, 1 hit, 0 errors, 1 left on base; University of Virginia 13 - Oregon State University 3 |
BOTTOM OF THE 8TH |
Oregon State University Beavers batting - Pitching for University of Virginia Cavaliers : RHP Joe Miller
|
Pitching: RHP Tofik Javakhov
|
|
Batting: LHB Fred Bal
|
0-0: Ball 1-0: Called Strike 1-1: Ball 2-1: Foul Ball, location: 2F 2-2: Ball 3-2: Ground out 5-3 (Groundball, 56S, EV 83.1 MPH)
|
Batting: LHB Jon Hamilton
|
0-0: Ball 1-0: Reached on error, E4 (Groundball, 4, EV 103.1 MPH)
|
Batting: LHB Brock Darby
|
0-0: Called Strike 0-1: Ball 1-1: Ball 2-1: Fly out, F5 (Popup, 56S, EV 78.1 MPH)
|
Batting: SHB Sosaia Apelahama
|
0-0: Foul Ball, location: 2F 0-1: Foul Ball, location: 2F 0-2: Ball 1-2: Fly out, F7 (Line Drive, 7S, EV 89.4 MPH)
|
Bottom of the 8th over - 0 runs, 0 hits, 1 error, 1 left on base; University of Virginia 13 - Oregon State University 3 |
TOP OF THE 9TH |
University of Virginia Cavaliers batting - Pitching for Oregon State University Beavers : RHP Bill Vadeboncoeur
|
Batting: RHB Allen McCaskill
|
0-0: Ball 1-0: Called Strike 1-1: Foul Ball, location: 2F 1-2: Strikes out swinging
|
Batting: SHB Ethan Lewis
|
0-0: Foul Ball, location: 2F 0-1: Foul Ball, location: 2F 0-2: Fly out, F9 (Line Drive, 9, EV 92.5 MPH)
|
Batting: RHB Luke Bertrand
|
0-0: Reached on error, E3 (Groundball, 34, EV 88.8 MPH)
|
Batting: SHB Tim Lloyd
|
0-0: DOUBLE (Line Drive, 8RXD, EV 108.1 MPH) Luke Bertrand to third Runner from 3rd tries for Home, SAFE, no throw by CF
|
Batting: LHB Alex Aguilar
|
0-0: Ball 1-0: Ball 2-0: Ball 3-0: Base on Balls
|
Batting: LHB Ray Nichter
|
0-0: Ball 1-0: Called Strike 1-1: Swinging Strike 1-2: Strikes out looking
|
Top of the 9th over - 1 run, 1 hit, 1 error, 2 left on base; University of Virginia 14 - Oregon State University 3 |
BOTTOM OF THE 9TH |
Oregon State University Beavers batting - Pitching for University of Virginia Cavaliers : RHP Tofik Javakhov
|
Batting: SHB Eric Robertson
|
0-0: Ground out 4-3 (Groundball, 4, EV 91.2 MPH)
|
Batting: LHB Sun-wei Kuai
|
0-0: Ground out 6-3 (Groundball, 6, EV 89.4 MPH)
|
Batting: LHB Abdul-Hakim Jibril
|
0-0: Ball 1-0: Called Strike 1-1: Ball 2-1: Fly out, F7 (Flyball, 78S, EV 79.4 MPH)
|
Bottom of the 9th over - 0 runs, 0 hits, 0 errors, 0 left on base; University of Virginia 14 - Oregon State University 3 |
|